Map: Acid Plant LE

Players

Galeforce

  • Race: Protoss Protoss
  • League: Master
  • Spawn Location: 11:00

Cassidy - Winner!

  • Race: Zerg Zerg
  • League: Diamond
  • Spawn Location: 5:00

VOD

Have the link to the VOD?

Description

Time

  • Played on: Nov. 14, 2018, 5:25 p.m.
  • Length: 7:14
Show
View Real Time Build Order
Export as new Build Order

Galeforce Protoss 

Build Orders: 1 Gate Expand, Oracle Opening 

Get SALT Encoding   

  12  0:01  Probe  
  13  0:15  Pylon  
  13  0:18  Probe  
  14  0:26  Probe  
  15  0:36  Gateway, Probe  
  16  0:47  Assimilator  
  16  0:48  Probe  
  17  1:00  Probe  
  18  1:23  Nexus  
  18  1:27  Cybernetics Core  
  18  1:30  Gateway  
  18  1:35  Zealot  
  19  1:40  Pylon  
  19  1:42  Probe  
  20  1:49  Assimilator  
  20  1:51  Probe  
  21  2:05  Adept  
  23  2:08  Probe  
  24  2:18  Adept  
  25  2:28  Stargate  
  25  2:31  Probe  
  26  2:38  Warp Gate  
  26  2:39  Probe  
  27  2:53  Stalker  
  29  3:08  Shield Battery  
  29  3:09  Stalker, Shield Battery  
  31  3:18  Pylon  
  31  3:37  Oracle  
  34  3:57  Probe  
  34  3:59  Nexus  
  37  4:02  Sentry  
  37  4:26  Probe  
  36  4:34  Oracle  
  36  4:38  Probe  
  33  4:50  Probe  
  32  4:57  Stalker x2  
  27  5:18  Oracle  
  24  5:25  Zealot x2  
  25  5:29  Probe x2  
  26  5:41  Probe  
  26  5:42  Probe  
  14  6:13  Zealot x2  
  10  6:35  Zealot x2  
Show
View Real Time Build Order
Export as new Build Order

Cassidy Zerg - Winner!

Build Orders: Pool First 

Get SALT Encoding   

  12  0:18  Spawning Pool  
  11  0:33  Drone x3  
  14  0:46  Overlord  
  14  1:06  Zergling x4  
  17  1:18  Zergling x2  
  17  1:45  Hatchery  
  16  1:50  Extractor  
  16  1:54  Roach Warren  
  14  1:55  Drone x3  
  17  2:25  Hatchery  
  16  2:30  Drone  
  16  2:34  Drone  
  17  2:58  Drone, Queen  
  20  3:08  Roach  
  22  3:14  Spine Crawler  
  22  3:31  Roach x2  
  25  3:39  Drone x3  
  28  3:51  Overlord  
  28  4:16  Overlord x2  
  27  4:21  Queen  
  28  4:45  Roach x5  
  32  4:59  Queen  
  30  5:01  Roach x2  
  30  5:33  Roach x3  
  26  6:09  Queen  
  26  6:10  Zergling x6  
  31  6:24  Hatchery  
  29  6:48  Roach x3  
  29  6:51  Drone, Overlord x2  
Tags
 
Add a new tag
Caveats
  • Supply blocks, unpowered buildings, or Contaminate may cause inaccurate times.
  • Supply counts are checked every 10 seconds.